 Dungeon Crawl Stone Soup version 0.22.0-27-ga576289 (webtiles) character file.

3439 Monsterracer the Cleaver (level 10, -3/94 HPs)
             Began as a Naga Gladiator on Aug 22, 2018.
             Was a Priest of Okawaru.
             Slain by a warg (8 damage)
             ... on level 7 of the Dungeon.
             The game lasted 00:16:36 (9554 turns).

Monsterracer the Cleaver (Naga Gladiator)           Turns: 9554, Time: 00:16:37

Health: -3/94      AC: 12    Str: 19    XL:     10   Next: 5%
Magic:  22/24      EV: 13    Int:  9    God:    Okawaru [***...]
Gold:   565        SH:  0    Dex: 13    Spells: 9/9 levels left

rFire    + . .     SeeInvis +   a - +2 battleaxe (chop)
rCold    + . .     Gourm    .   (shield currently unavailable)
rNeg     . . .     Faith    .   e - +1 leather armour {rC+}
rPois    +         Spirit   .   f - +2 helmet
rElec    .         Reflect  .   h - +2 cloak
rCorr    .         Harm     .   (no gloves)
MR       +....                  (no barding)
Stlth    +++.......             (no amulet)
HPRegen  0.25/turn              k - ring of protection from fire {!d}
MPRegen  0.19/turn              E - ring of magical power

@: heroism, very slow
A: large, see invisible, deformed body, poison resistance, slowness 2, slow
metabolism 1, spit poison 1, AC +3
a: Spit Poison, Heroism, Renounce Religion


You were on level 7 of the Dungeon.
You worshipped Okawaru.
Okawaru was most pleased with you.
You were near starving.

You visited 1 branch of the dungeon, and saw 8 of its levels.
You also visited: Ossuary.

You collected 565 gold pieces.

Inventory:

Hand Weapons
 a - a +2 battleaxe of chopping (weapon)
 b - a +2 flail of crushing
Missiles
 d - 2 throwing nets (quivered)
Armour
 e - a +1 leather armour of cold resistance (worn)
 f - a +2 helmet (worn)
 h - a +2 cloak (worn)
 m - a +0 buckler
Jewellery
 k - a ring of protection from fire (left hand) {!d}
 n - an uncursed ring of protection from fire {!d}
 E - a ring of magical power (right hand)
Wands
 t - a wand of acid (8)
 x - a wand of scattershot (5)
 z - a wand of polymorph (16)
Scrolls
 j - 5 scrolls of remove curse
 p - a scroll of amnesia
 s - 4 scrolls of magic mapping {!r}
 v - 4 scrolls of enchant weapon
 y - 2 scrolls of enchant armour
 C - a scroll of fog
 F - a scroll of fear {!r}
 H - 2 scrolls of identify
Potions
 g - 7 potions of heal wounds
 i - 8 potions of agility
 l - 3 potions of mutation {!q}
 o - 3 potions of curing
 q - 4 potions of brilliance
 r - 2 potions of invisibility
 u - a potion of flight
 w - 2 potions of haste
 A - a potion of might
 B - 2 potions of cancellation
 D - 3 potions of ambrosia {unknown}
 G - a potion of resistance {unknown}
Comestibles
 c - 16 rations


   Skills:
 + Level 7.1(12.1) Fighting
 * Level 10.2(15.2) Axes
 - Level 1.7(6.7) Throwing
 - Level 2.4(7.4) Dodging
 - Level 2.4(7.4) Shields
 + Level 6.8 Invocations


You had 9 spell levels left.
You didn't know any spells.
Your spell library was empty.

Dungeon Overview and Level Annotations

Branches:
Dungeon (8/15)             Temple (0/1) D:7            Lair (0/6) D:8

Altars:
Ashenzari
Cheibriados
Dithmenos
Elyvilon
Okawaru
Ru
Sif Muna
Vehumet
Zin
The Shining One


Innate Abilities, Weirdness & Mutations

You cannot wear boots.
Your serpentine skin is tough. (AC +3)
You have supernaturally acute eyesight. (SInv)
Armour fits poorly on your strangely shaped body.
Your system is resistant to poisons. (rPois)
You cover ground very slowly.
You have a slow metabolism.
You can spit poison.


Message History

The warg bites something.
You hit the warg but do no damage. The warg closely misses you.
You slash the warg!
The warg is moderately wounded.
The warg barely misses you.
The orc wizard casts a spell.
The orc wizard blinks!
The warg bites you but does no damage.
Press: ? - help, Shift-Dir - straight line, f - warg
Aim: a warg (moderately wounded)
The splash of poison hits the warg.
The warg is heavily wounded.
You are near starving!
The warg bites you! The warg bites you.
You see here a sapphire potion.
You take 18 damage, and have 59/94 hp.
D - 3 sapphire potions (gained 1)
The hound bites you. The warg misses you. The hound barely misses you.
You take 2 damage, and have 57/94 hp.
Okay, then.
The orc priest looks braver for a moment.
The warg bites you but does no damage. The hound bites you but does no damage.
You have got your breath back.
The orc priest invokes the aid of Beogh against you.
Beogh smites you!
* * * LOW HITPOINT WARNING * * *
The warg bites you.
* * * LOW HITPOINT WARNING * * *
The hound bites you.
* * * LOW HITPOINT WARNING * * *
You take 20 damage, and have 37/94 hp.
MASSIVE DAMAGE!!
Really read
F - 2 scrolls of fear {!r}?
Uppercase [Y]es or [N]o only, please.
Really read
F - 2 scrolls of fear {!r}?
As you read the scroll of fear {!r}, it crumbles to dust.
You assume a fearsome visage.
The warg looks frightened!
The orc warrior looks frightened!
The orc looks frightened!
The orc priest looks frightened!
The hound looks frightened!
Cornered, the warg turns to fight!
The crimson imp blinks!
The warg stops to sniff the ground.
The warg bites you but does no damage.
The orc wizard casts a spell.
The orc wizard blinks!
The warg bites you but does no damage. The warg bites you!
* * * LOW HITPOINT WARNING * * *
The crimson imp blinks!
The warg barely misses you.
You take 14 damage, and have 27/94 hp.
The orc wizard gestures wildly while chanting.
The orc wizard seems to speed up.
The warg bites you.
* * * LOW HITPOINT WARNING * * *
You take 1 damage, and have 26/94 hp.
The warg bites you!
* * * LOW HITPOINT WARNING * * *
You take 8 damage, and have 18/94 hp.
The crimson imp blinks!
The warg bites you!
* * * LOW HITPOINT WARNING * * *
You take 9 damage, and have 9/94 hp.
The warg bites you but does no damage. The warg bites you.
* * * LOW HITPOINT WARNING * * *
You take 4 damage, and have 6/94 hp.
You feel much better. The warg barely misses you.
The warg completely misses you.
You regained 27 hp, and now have 33/94 hp.
Unknown command.
The warg barely misses you. The warg barely misses you.
There is a stone staircase leading up here.
The warg closely misses you. The warg bites you!
* * * LOW HITPOINT WARNING * * *
The warg bites you but does no damage.
You climb upwards.
There is a stone staircase leading down here.
Unknown command.
Unknown command.
Unknown command.
Unknown command.
Unknown command.
You take 9 damage, and have 25/94 hp.
You gain the combat prowess of a mighty hero.
The warg barely misses you.
The warg stops to sniff the ground.
The warg bites you but does no damage.
You now have 22/24 mp.
You hit the warg but do no damage. x2; The warg misses you.
The warg bites you.
* * * LOW HITPOINT WARNING * * *
You take 3 damage, and have 23/94 hp.
You miss the warg.
The warg is moderately wounded.
You barely miss the warg. The warg closely misses you. The warg bites you!
* * * LOW HITPOINT WARNING * * *
The warg barely misses you.
You take 8 damage, and have 15/94 hp.
You completely miss the warg.
The warg is moderately wounded.
You closely miss the warg. The warg bites you!
* * * LOW HITPOINT WARNING * * *
The warg closely misses you. The warg bites you!
You die...

##..........##.#.........#
##..###....#..#.........#
##..#####..............#
#...##.................
##.....................
######.............>......
#.........................
#.........h...............
#........@................
#........h...........###..
#...............###### ###
#...............##
##...............#
####...........)##
#############.# ###


You could see 2 wargs.

Vanquished Creatures
  A yak (D:7)
  A human (D:7)
  3 hogs (D:7)
  A hornet zombie (Ossuary)
  2 ice beasts
  An orc warrior (D:7)
  3 phantoms
  A centaur (D:6)
  4 ogres
  A wyvern zombie (D:6)
  4 bullfrogs
  2 scorpions
  4 killer bees (D:7)
  2 crimson imps
  A human zombie (D:6)
  A bullfrog skeleton (D:6)
  2 orc priests
  2 hounds
  2 bullfrog zombies
  2 iguanas (D:5)
  3 orc wizards
  13 mummies (Ossuary)
  Ijyb (D:4)
  2 worker ants
  2 killer bee zombies
  A hound zombie (Ossuary)
  3 worker ant zombies (Ossuary)
  A howler monkey skeleton (D:7)
  3 adders
  An ooze (D:4)
  An adder zombie (Ossuary)
  An adder skeleton (D:6)
  3 worms
  10 dart slugs
  6 leopard geckos
  29 orcs
  2 ball pythons
  2 giant cockroaches
  5 goblins
  4 hobgoblins
  5 jackals
  4 kobolds
  5 quokkas
  9 bats
  6 frilled lizards
  3 giant cockroach zombies (Ossuary)
  2 jackal skeletons
  A leopard gecko skeleton (D:5)
  A leopard gecko zombie (Ossuary)
  An orc zombie (D:6)
  4 rats
  A fungus (D:3)
  A withered plant (Ossuary)
176 creatures vanquished.

Vanquished Creatures (others)
  A withered plant (Ossuary)
1 creature vanquished.

Grand Total: 177 creatures vanquished

Notes
Turn   | Place    | Note
-------+----------+-------------------------------------------
     0 | D:1      | Monsterracer the Naga Gladiator began the quest for the Orb.
     0 | D:1      | Reached XP level 1. HP: 19/19 MP: 1/1
   320 | D:1      | Reached XP level 2. HP: 25/26 MP: 2/2
   961 | D:2      | HP: 13/27 [poisoned by an adder]
   969 | D:2      | HP: 12/27 [poisoned by an adder]
  1235 | D:2      | Reached XP level 3. HP: 33/33 MP: 3/3
  1442 | D:2      | Found a shattered altar of Ashenzari.
  1442 | D:2      | Found a shadowy altar of Dithmenos.
  1442 | D:2      | Found an iron altar of Okawaru.
  1505 | D:2      | Became a worshipper of Warmaster Okawaru
  2142 | D:3      | Reached skill level 4 in Axes
  2242 | D:3      | HP: 15/33 [orc priest/nerve-wracking pain (4)]
  2243 | D:3      | Reached XP level 4. HP: 18/40 MP: 4/4
  2248 | D:3      | HP: 14/40 [orc/hand axe (4)]
  2269 | D:3      | HP: 14/40 [orc/mace (3)]
  2274 | D:2      | HP: 7/40 [orc/mace (6)]
  2981 | D:3      | Reached XP level 5. HP: 33/49 MP: 5/5
  2991 | D:3      | Reached skill level 5 in Axes
  3002 | D:3      | Reached skill level 1 in Invocations
  3216 | D:3      | Found a white marble altar of Elyvilon.
  3367 | D:3      | Found a radiant altar of Vehumet.
  3560 | D:3      | Found a glowing golden altar of the Shining One.
  4073 | D:4      | Noticed an ice beast
  4100 | D:4      | Killed an ice beast
  4100 | D:4      | Reached skill level 1 in Shields
  4100 | D:4      | Reached XP level 6. HP: 34/56 MP: 7/7
  4498 | D:4      | Noticed Ijyb
  4510 | D:4      | Killed Ijyb
  4530 | D:4      | Noticed a phantom
  4552 | D:4      | HP: 24/57 [scorpion (8)]
  4554 | D:4      | HP: 4/57 [scorpion (9)]
  4556 | D:3      | Reached * piety under Okawaru
  4845 | D:4      | Killed a phantom
  4845 | D:4      | Reached XP level 7. HP: 52/64 MP: 8/8
  5111 | D:4      | HP: 25/64 [ogre/giant spiked club (15)]
  5112 | D:4      | Reached skill level 6 in Axes
  5561 | D:5      | Entered Level 5 of the Dungeon
  5831 | D:5      | Reached ** piety under Okawaru
  5831 | D:5      | Reached XP level 8. HP: 47/73 MP: 10/10
  6639 | D:6      | Reached skill level 7 in Axes
  6700 | D:6      | Found a sand-covered staircase.
  6723 | Ossuary  | Entered an ossuary
  6740 | Ossuary  | Reached skill level 5 in Fighting
  6799 | Ossuary  | Identified a scroll of acquirement
  6871 | Ossuary  | HP: 37/75 [killer bee zombie (3)]
  6880 | Ossuary  | HP: 36/75 [mummy (1)]
  6885 | Ossuary  | Reached skill level 8 in Axes
  6888 | Ossuary  | HP: 25/75 [mummy (4)]
  6934 | Ossuary  | HP: 26/75 [bog mummy (6)]
  7054 | D:6      | Found a glowing drain.
  7075 | D:6      | Reached XP level 9. HP: 59/82 MP: 12/12
  7350 | D:6      | Reached skill level 5 in Invocations
  7384 | D:6      | Found a sacrificial altar of Ru.
  7472 | D:6      | Got a brightly glowing short sword
  7488 | D:6      | Found a glowing silver altar of Zin.
  7553 | D:6      | Found a snail-covered altar of Cheibriados.
  7604 | D:6      | Found a deep blue altar of Sif Muna.
  8051 | D:7      | Reached skill level 9 in Axes
  8286 | D:7      | Found a staircase to the Ecumenical Temple.
  8409 | D:7      | Reached *** piety under Okawaru
  8809 | D:7      | Reached skill level 10 in Axes
  8809 | D:7      | HP: 43/86 [bullfrog (2)]
  8814 | D:7      | HP: 42/86 [bullfrog (3)]
  8816 | D:7      | Reached XP level 10. HP: 43/94 MP: 15/15
  8819 | D:7      | HP: 42/94 [orc (1)]
  9158 | D:7      | Reached **** piety under Okawaru
  9517 | D:8      | Found a staircase to the Lair.
  9526 | D:8      | HP: 46/94 [orc priest/divine providence (11)]
  9538 | D:8      | HP: 27/94 [warg (14)]
  9541 | D:8      | HP: 9/94 [warg (9)]
  9549 | D:8      | HP: 25/94 [warg (9)]
  9554 | D:7      | HP: 5/94 [warg (10)]
  9554 | D:7      | Slain by a warg

Skill      XL: |  1  2  3  4  5  6  7  8  9 |
---------------+----------------------------+-----
Axes           | 4 5 6 8 10 | 10.2
Fighting       | 3 4 5 7 |  7.1
Invocations    | 1 2 3 4 6 |  6.8
Shields        | 1 2 |  2.4
Throwing       | |  1.7
Dodging        | |  2.4

Action                   |  1- 3 |  4- 6 |  7- 9 | 10-12 || total
-------------------------+-------+-------+-------+-------++-------
Melee: War axe           |    59 |   151 |   231 |       ||   441
       Battleaxe         |       |       |   109 |    20 ||   129
Throw: Throwing net      |       |     2 |       |       ||     2
Invok: Heroism           |       |       |     6 |     1 ||     7
 Abil: Spit Poison       |     9 |    17 |    14 |     2 ||    42
  Use: Scroll            |    10 |     6 |    12 |     1 ||    29
       Potion            |       |       |       |     1 ||     1
 Stab: Sleeping          |     2 |       |     1 |       ||     3
       Held in net/web   |       |     1 |       |       ||     1
  Eat: Chunk             |     3 |     8 |     8 |     1 ||    20
       Ration            |       |       |     1 |       ||     1
Armor: Leather armour    |    18 |    75 |   124 |    15 ||   232
       Chain mail        |    14 |     8 |       |       ||    22
Dodge: Dodged            |    45 |    97 |   188 |    21 ||   351
Block: Buckler           |       |     5 |    40 |       ||    45

Vault maps used:
D:1:      moated_graveyard_arrival
D:2:      gammafunk_temple_overflow_claw, nrook_mini_backslash
D:3:      kennysheep_slugbush, tso_altar, elyvilon_altar_3, marbit_many_paths,
          minmay_gold_behind_fungi
D:4:      first_ration, uniq_ijyb
D:6:      kennysheep_six_static_rooms, old_standard_altar,
          kennysheep_slug_shrine, lemuel_round_altar, zin_statuary,
          enter_ossuary_3, cheibrodos_sewer_entry_bend
D:7:      minmay_temple_entry_water_ring, grunt_livestock,
          kennysheep_generic_room_8
D:8:      old_standard_altar, erik_lair_orcish_takeover
Ossuary:  ossuary_zaba_flooded
